 Dungeon Crawl Stone Soup version 0.29.1-15-g9cfb28693d (webtiles) character file.

Game seed: 12429321582131927757

11 FrenchFrogAreCool the Chopper (level 2, 27/27 HPs)
             Began as a Minotaur Berserker on Apr 28, 2023.
             Was a Follower of Trog.
             Quit the game on level 1 of the Dungeon.
             The game lasted 00:00:54 (810 turns).

FrenchFrogAreCool the Chopper (Minotaur Berserker)   Turns: 810, Time: 00:00:54

Health: 27/27      AC:  2    Str: 21    XL:     2   Next: 13%
Magic:  1/1        EV: 12    Int:  4    God:    Trog [*.....]
Gold:   16         SH:  0    Dex:  9    Spells: 1/1 levels left

rFire   . . .      SeeInvis .   a - +0 hand axe
rCold   . . .      Faith    .   (no shield)
rNeg    . . .      Spirit   .   b - +0 animal skin
rPois   +          Reflect  .   (helmet restricted)
rElec   .          Harm     .   (no cloak)
rCorr   .          Rampage  .   (no gloves)
Will    .....                   (no boots)
Stlth   +.........              (no amulet)
HPRegen 0.09/turn               f - ring of poison resistance
MPRegen 0.07/turn               (no ring)

@: no status effects
A: horns 2, retaliatory headbutt
a: Renounce Religion, Berserk


You were on level 1 of the Dungeon.
You worshipped Trog.
Trog was aware of your devotion.
You visited 1 branch of the dungeon, and saw 1 of its levels.

You collected 16 gold pieces.

Inventory:

Hand Weapons
 a - a +0 hand axe (weapon)
Armour
 b - a +0 animal skin (worn)
Jewellery
 f - a ring of poison resistance (left hand)
Scrolls
 c - a scroll of enchant armour {unknown}
 d - 2 scrolls of identify {unknown}
 e - a scroll of teleportation {unknown}
Potions
 g - a potion of heal wounds {unknown}


   Skills:
 + Level 3.8 Fighting
 + Level 4.0 Axes
 + Level 2.7 Armour
 + Level 2.2 Dodging


You had one spell level left.
You didn't know any spells.
Your spell library was empty.

Dungeon Overview and Level Annotations

Branches:
Dungeon (1/15)

Altars:


Innate Abilities, Weirdness & Mutations

You have a pair of horns on your head.
You reflexively headbutt those who attack you in melee.


Message History

The endoplasm is moderately wounded.
The endoplasm closely misses you.
An endoplasm is nearby!
Unknown command.
You slash the endoplasm!
You kill the endoplasm!
Trog accepts your kill.
Key pressed, stopping explore.
Unknown command.
No target in view!
Unknown command.
Key pressed, stopping explore.
No target in view!
No target in view!
Unknown command.
You open the door.
There is an open door here.
Key pressed, stopping explore.
Unknown command.
No target in view!
Unknown command.
No target in view!
Done exploring.
Unknown command.
No target in view!
Unknown command.
No target in view!
Done exploring.
Unknown command.
No target in view!
Done exploring.
No target in view!
Unknown command.
Done exploring.
No target in view!
Unknown command.
Done exploring.
No target in view!
Unknown command.
Are you sure you want to abandon this character and quit the game? (Confirm with "yes".)

##.##.........#.#.#.###..#.#.#..#
##.##.####.......................
##.##.#########...#.###..#...#...
'...................###..#...#..#
##.#.............................
+.......#........................
##.....###.....#....###.....##.#.
#.....#####......................
.....#.....#....@.>.#............
....###...###.....#.#.####..#.#..
...#####.#####...................
..#...........#.....#.##.#.......
.###....<....###......##.#..#.#..
#####.......#####.....##.#..#....
.....#.....#.....#....##.##.#....
#...###...###...###...##.##.#....
##.#####.#####.#####..##.........


There were no monsters in sight!

Vanquished Creatures
  An endoplasm (D:1)
  A giant cockroach (D:1)
  3 goblins (D:1)
  A kobold (D:1)
  A quokka (D:1)
  2 frilled lizards (D:1)
  A rat (D:1)
10 creatures vanquished.

Notes
Turn   | Place    | Note
-------+----------+-------------------------------------------
     0 | D:1      | FrenchFrogAreCool the Minotaur Berserker began the quest
                  | for the Orb.
     0 | D:1      | Reached XP level 1. HP: 19/19 MP: 0/0
   438 | D:1      | Reached XP level 2. HP: 27/27 MP: 1/1
   439 | D:1      | Reached skill level 4 in Axes
   810 | D:1      | Quit the game

Illustrated notes

Levels and vault maps discovered:
D:1:      onia_arrival_pyramid, layout_basic

Skill      XL: |  1  2 |
---------------+-------+-----
Axes           | 4 |  4.0
Fighting       | |  3.8
Armour         | |  2.7
Dodging        | |  2.2

Action                   || total
-------------------------++-------
Melee: Hand axe          ||    11
       Headbutt          ||     2
Armor: Animal skin       ||     2
Dodge: Dodged            ||    13
